[Event "87th Spanish Championship 2022"]
[Site "Linares"]
[Date "2022.08.13"]
[Round "4.15"]
[White "Tejedor Fuente, Enrique"]
[Black "Guerra Bastida, Diego"]
[Result "1/2-1/2"]
[ECO "C77"]
[WhiteElo "2419"]
[BlackElo "2242"]
[Annotator "TA"]
[PlyCount "143"]
[EventDate "2022.08.11"]
[EventType "swiss"]
[EventCountry "ESP"]
[SourceTitle "playchess.com"]
[Source "ChessBase"]
[SourceQuality "1"]
[TimeControl "5400+30"]

1. e4 e5 2. Nf3 Nc6 3. Bb5 a6 4. Ba4 Nf6 5. d3 b5 6. Bb3 Be7 7. O-O d6 8. c3 O-O 9. Nbd2 Nb8 10. a4 Bb7 11. axb5 axb5 12. Rxa8 Bxa8 13. Re1 Nbd7 {[%emt 0:01:03] C88: Closed Ruy Lopez: Anti-Marshall Systems.} 14. Nf1 Nc5 15. Bc2 Re8 {[%emt 0:03:15] White has an edge.} 16. Ng3 Bf8 {[%emt 0:01:43] [#]} 17. b4 $146 ({Predecessor:} 17. h3 g6 18. b4 Ncd7 19. Bb3 h6 20. Qc2 d5 21. Bd2 c5 22. bxc5 Nxc5 23. exd5 Bxd5 24. Bxd5 Qxd5 {½-½ (49) Mogranzini,R (2367)-Haddouche,M (2279) Turin 2006}) 17... Ncd7 18. d4 g6 19. h3 Bg7 20. dxe5 (20. Qd3 $5 ) 20... Nxe5 21. Nxe5 dxe5 22. Qf3 Qe7 23. Be3 Qe6 24. Qe2 Qa2 25. Bd3 Qxe2 26. Rxe2 Bc6 27. Ra2 Ra8 28. Rxa8+ Bxa8 29. f3 Bc6 30. Ne2 Ne8 31. c4 bxc4 32. Bxc4 Nd6 33. Bb3 Nb5 34. Nc1 Nd4 35. Bc4 Kf8 36. Kf2 f5 37. exf5 (37. Bxd4 $5 exd4 38. exf5 $11) 37... gxf5 38. f4 (38. Bxd4 $5 exd4 39. Be6 $11) 38... e4 39. g4 fxg4 40. hxg4 Bd7 41. Kg3 Ke8 {[%emt 0:06:16] [#]} (41... Ke7 $14) 42. Ne2 (42. Bd5 $1 $16) 42... Bb5 (42... Nc2 $1 $14 43. Bc5 Bf8) 43. Bxb5+ $16 ({Of course not} 43. Nxd4 Bxc4 44. g5 Bf8 $11) 43... Nxb5 {[%emt 0:00:06][%mdl 4096] Endgame KBN-KBN} 44. f5 Be5+ 45. Bf4 Bb2 46. Bd2 (46. Kh4 $16) 46... Be5+ $1 $11 47. Kf2 Nd6 $1 48. Bf4 Nc4 49. Kg3 c6 50. g5 Kf7 51. Kg4 Bb2 52. Bb8 (52. Ng3 $5 ) 52... Be5 53. Ba7 ({Don't do} 53. Bxe5 Nxe5+ 54. Kf4 Nd3+ 55. Kxe4 Nxb4 $16) 53... Bd6 54. Bc5 {[%emt 0:01:44] And now Bxd6 would win.} Ne5+ {[%emt 0:00:50] [#]} 55. Kf4 (55. Kg3 $1 $16 Bxc5 56. bxc5) 55... Nd3+ {[%emt 0:00:13] The position is equal.} 56. Kxe4 Nxc5+ 57. bxc5 Bxc5 {[%emt 0:00:15] KB-KN} 58. Nd4 Be7 59. Nf3 c5 60. Kd5 c4 61. Kxc4 {[%emt 0:00:30] Hoping for Kd5.} Bxg5 $1 62. Kd5 Bf6 63. Ke4 h5 64. Kf4 Ke7 65. Nd2 Kf7 66. Ne4 Ke7 67. Nf2 Kf7 68. Nh1 Bd8 69. Ke4 h4 70. Kf4 h3 71. Kg4 h2 72. Kh3 {[%emt 0:00:00] Weighted Error Value: White=0.14 (very precise) /Black=0.10 (very precise)} 1/2-1/2

[Event "87th Spanish Championship 2022"]
[Site "Linares"]
[Date "2022.08.13"]
[Round "4.16"]
[White "Ingunza Curro, Andres"]
[Black "De La Cruz Revilla, Miguel"]
[Result "1/2-1/2"]
[ECO "B40"]
[WhiteElo "2370"]
[BlackElo "2213"]
[Annotator "RC"]
[PlyCount "129"]
[EventDate "2022.08.11"]
[EventType "swiss"]
[EventCountry "ESP"]
[SourceTitle "playchess.com"]
[Source "ChessBase"]
[SourceQuality "1"]
[TimeControl "5400+30"]

1. e4 c5 2. Nf3 e6 3. d3 Nc6 4. g3 Be7 5. Bg2 d5 6. Qe2 Nf6 7. O-O O-O 8. e5 Nd7 9. c4 a6 10. Nc3 Nd4 11. Nxd4 cxd4 12. Nb1 dxc4 13. dxc4 Qc7 14. Re1 Rd8 15. Bf4 Nf8 16. b3 Bd7 17. h4 Bc6 18. h5 h6 19. Nd2 Bb4 20. Rad1 b5 21. Qg4 Kh8 22. Ne4 Bxe1 23. Rxe1 Bxe4 24. Bxe4 bxc4 25. bxc4 Rab8 26. Bd3 Qe7 27. Bc1 Qb4 28. Qe4 Rdc8 29. g4 Rxc4 30. Bf4 Rc3 31. Rb1 Rxd3 32. Rxb4 Rd1+ 33. Kh2 Rxb4 34. g5 Rb2 35. Qf3 hxg5 36. Bxg5 Rf1 37. Bh4 Kg8 38. Kg2 Rbb1 39. Qa8 Rg1+ 40. Kf3 d3 41. Qd8 Rb7 42. Qxd3 Nd7 43. Bg3 Rgb1 44. Qxa6 R1b4 45. Qa8+ Rb8 46. Qc6 Nb6 47. Qc1 Nd5 48. Qg5 Kh7 49. Qd2 Ra8 50. Qc2+ Kg8 51. Qc6 Ra3+ 52. Kg2 Rb8 53. h6 gxh6 54. Qc1 Rxa2 55. Qxh6 Rb4 56. Qg5+ Kh7 57. Qd8 Ne3+ 58. Kf3 Nf5 59. Kg2 Nxg3 60. Kxg3 Ra3+ 61. f3 Rbb3 62. Qh4+ Kg7 63. Qf6+ Kg8 64. Qg5+ Kh7 65. Qh5+ 1/2-1/2

[Event "87th Spanish Championship 2022"]
[Site "Linares"]
[Date "2022.08.13"]
[Round "4.17"]
[White "Fernandez Garcia, Jose Luis"]
[Black "Saenz Narciso, Miguel Angel"]
[Result "1-0"]
[ECO "B40"]
[WhiteElo "2362"]
[BlackElo "2222"]
[Annotator "TA"]
[PlyCount "87"]
[EventDate "2022.08.11"]
[EventType "swiss"]
[EventCountry "ESP"]
[SourceTitle "playchess.com"]
[Source "ChessBase"]
[SourceQuality "1"]
[TimeControl "5400+30"]

1. e4 c5 2. Nf3 e6 3. d4 cxd4 4. Nxd4 Bc5 5. c3 Qb6 6. Na3 {[%emt 0:01:18] B40: Sicilian: 2...e6, Unusual lines.} d5 {[%emt 0:01:02] Against Nc4} 7. exd5 exd5 {[%emt 0:00:07] [#]} 8. Bb5+ $146 {[%emt 0:00:21] White is slightly better.} ({Predecessor:} 8. Nac2 Ne7 9. Be2 O-O 10. O-O Nbc6 11. Nb3 Bd6 12. Be3 Qc7 13. g3 Bf5 14. Ncd4 {0-1 (50) Grigoriants,S (2542)-Kowalczyk,P (2340) Chess.com INT 2020}) 8... Bd7 9. O-O Ne7 10. Be3 O-O 11. b4 Bxd4 12. Bxd4 Qc7 13. Re1 Be6 14. Bc5 a6 15. Ba4 b5 16. Bb3 Nbc6 17. Nc2 Rfd8 18. a4 Qb7 (18... bxa4 $16 19. Bxa4 (19. Rxa4 Nf5 $16) 19... Nf5 20. Bxc6 Qxc6) 19. Nd4 $18 Nxd4 20. Qxd4 Nf5 21. Qf4 bxa4 22. Bxa4 a5 (22... Qb8 $142 23. Qf3 Qc8) 23. Bc2 {[%emt 0:00:27][%csl LRa5,LRf5] A strong pair of Bishops.} Qc8 24. Bb6 Rd6 25. bxa5 Rc6 26. Bxf5 Bxf5 27. Bd4 {[%emt 0:00:05][%cal Oa5a6] Hoping for a6!} Re6 {[%emt 0:01:34] Black cannot hold the game after this.} (27... h6 $16 28. Qe5 Rg6 29. Qxd5 Bd7) 28. h4 {Rxe6 is the strong threat.} f6 (28... Rxe1+ 29. Rxe1 Be6 30. Qe5 $18) 29. Re3 (29. Rxe6 $18 {is the precise move to win.} Bxe6 30. Rb1) 29... Re4 (29... Rxe3 $16 30. Qxe3 h6) 30. Rxe4 Bxe4 31. f3 Bd3 32. Qd6 Bc4 33. Rb1 h6 {[%emt 0:00:54] [#]} (33... h5 $142 34. Rb6 Ra6) 34. Rb6 $1 {[%emt 0:06:07][%cal Od4f6] Threatens to win with Bxf6!} Qe8 $2 (34... Ra6 35. h5 (35. Rxa6 Qxa6 36. Qxa6 Bxa6 $16) 35... Rxb6 36. axb6 Kf7) 35. Qg3 Kh7 {[%emt 0:02:08] [#]} 36. Bxf6 $1 Qf7 37. Bd4 Rxa5 38. Rc6 {[%emt 0:00:27] Rc7 would kill now.} Ra6 39. Rc7 Rg6 40. Qe5 Qf8 41. Kf2 Kh8 42. h5 {[%emt 0:00:37] White mates.} Rg5 43. Qe6 {[%emt 0:00:10] Active counter play!} Ba6 44. Qxh6+ {[%emt 0:00:11] Weighted Error Value: White=0.15 (very precise) /Black=0.56} 1-0

[Event "87th Spanish Championship 2022"]
[Site "Linares"]
[Date "2022.08.13"]
[Round "4.18"]
[White "Martinez-Conde Hernandez, Carlos"]
[Black "Martinez Fernandez, Adrian"]
[Result "1-0"]
[ECO "B06"]
[WhiteElo "2205"]
[BlackElo "2366"]
[Annotator "TA"]
[PlyCount "87"]
[EventDate "2022.08.11"]
[EventType "swiss"]
[EventCountry "ESP"]
[SourceTitle "playchess.com"]
[Source "ChessBase"]
[SourceQuality "1"]
[TimeControl "5400+30"]

1. e4 g6 2. d4 Bg7 3. Nc3 c6 4. h3 d5 5. Nf3 dxe4 6. Nxe4 Nf6 7. Nxf6+ exf6 8. Bc4 O-O 9. O-O Nd7 10. c3 {[%emt 0:03:58] B15: Caro-Kann: 3 Nc3: 3...g6 and 3...dxe4 4 Nxe4 Nf6 5 Nxf6+ exf6.} Nb6 {[%emt 0:00:14] 10...b5 might become the main line.} 11. Bb3 a5 12. a4 {[%emt 0:00:28] The position is equal.} Bf5 13. Bf4 {[%emt 0:16:16] [#]} Nd5 $146 ({Predecessor:} 13... Qd7 14. Nd2 Nd5 15. Bh2 Bh6 16. Bc2 Rfe8 17. Bxf5 Qxf5 18. Nc4 Bf4 19. Bxf4 Qxf4 20. Qg4 Qc7 21. Rfe1 Kg7 22. Qf3 Re7 23. Re4 Rae8 24. Rae1 Rxe4 {½-½ (24) Shamugia,S (2197)-Sergienko,S (2438) Voronezh 2008}) 14. Bg3 Re8 15. Bc2 Be6 16. Nd2 f5 17. Qf3 Nb6 (17... c5 $5 ) 18. Rfe1 Rc8 19. Rad1 Bf8 20. b3 Bh6 21. c4 Qxd4 22. Be5 Qd8 23. Bc3 Nd7 24. Qd3 Qc7 25. Nf3 {[%emt 0:02:07] Threatens to win with Qd4.} Rcd8 26. Qd4 {[%emt 0:00:13][%csl Gc3][%cal Rd4h8] Against Nc5} f6 27. Qa7 $36 {[%emt 0:00:27][%mdl 2048] White has some pressure.} Ra8 28. Qd4 {[%emt 0:00:03][%cal Oe1e6] Rxe6! is the strong threat.} Kf7 {[%emt 0:06:56][%mdl 8192] [#] White leaves nothing to chance now.} (28... Rad8 $11 {and Black is okay.}) 29. Qh4 $1 $18 {[%emt 0:01:16] Hoping for Rxd7+.} Bg7 30. Qxh7 Rg8 {[%emt 0:00:05] [#]} 31. Rxe6 $1 Kxe6 32. Qxg6 Ke7 33. Bxf5 {[%emt 0:00:48] A strong pair of Bishops.} Bh8 34. Qh7+ Rg7 35. Qh4 Rd8 36. Bxd7 (36. Re1+ $142 Ne5 37. Bxe5 Qxe5 38. Nxe5 Kd6 39. Rd1+ Kc5 40. Rxd8 fxe5 41. Qxh8) 36... Rxd7 37. Bxf6+ Ke6 38. Re1+ Kf7 39. Ne5+ Kg8 40. Nxd7 Qxd7 41. Bxg7 Bxg7 42. Qg4 Qc7 43. Re8+ Kh7 44. Qf5+ {[%emt 0:00:17] Weighted Error Value: White=0.11 (very precise) /Black=0.87} 1-0

[Event "87th Spanish Championship 2022"]
[Site "Linares"]
[Date "2022.08.13"]
[Round "4.19"]
[White "Bermudez Ureba, Juan Diego"]
[Black "Gomez Dieguez, David"]
[Result "0-1"]
[ECO "C68"]
[WhiteElo "2198"]
[BlackElo "2372"]
[Annotator "TA"]
[PlyCount "52"]
[EventDate "2022.08.11"]
[EventType "swiss"]
[EventCountry "ESP"]
[SourceTitle "playchess.com"]
[Source "ChessBase"]
[SourceQuality "1"]
[TimeControl "5400+30"]

1. e4 e5 2. Nf3 Nc6 3. Bb5 a6 4. Bxc6 dxc6 5. Nc3 Qf6 6. d4 exd4 7. Qxd4 Qxd4 (7... Bg4 {feels hotter.} 8. Bg5 Qxd4 9. Nxd4 f6) 8. Nxd4 {[%emt 0:00:03] C68: Ruy Lopez: Exchange Variation, sidelines.} Bd7 9. Be3 O-O-O 10. O-O-O {[%emt 0:02:49] The position is equal.} Ne7 11. f4 Ng6 12. Nf3 {[%emt 0:01:07] [#]} Bd6 $146 ({Predecessor:} 12... Re8 13. f5 Ne5 14. Nxe5 Rxe5 15. Bd4 Re8 16. g4 f6 17. Rhe1 h5 18. gxh5 Rxh5 {0-1 (57) Socko,M (2421)-Kiolbasa,O (2255) chess24.com INT 2021}) 13. f5 Ne5 14. Kb1 (14. Bd4 $5 Nxf3 15. gxf3 $11) 14... Rde8 15. h3 (15. Bd4 $15) 15... f6 (15... Nxf3 $17 16. gxf3 Bxf5) 16. Rhe1 Nc4 17. Bd4 Re7 18. g4 Rhe8 19. h4 ({White should try} 19. Bf2 $15) 19... c5 20. Bf2 Bc6 21. b3 {[%emt 0:01:16] [#]} Na3+ 22. Kb2 Nb5 23. e5 {[%emt 0:02:59] Threatens to win with Nxb5.} Nxc3 ({Worse is} 23... fxe5 24. Ne4 $15) 24. Kxc3 fxe5 25. Ng5 ({White should play} 25. Nd2) 25... e4 $17 {[%emt 0:00:20] [#] White must now prevent ...e3.} 26. Nxh7 $2 (26. Be3 $17) 26... e3 {[%emt 0:01:30] Weighted Error Value: White=0.70/Black=0.09 (flawless)} 0-1

[Event "87th Spanish Championship 2022"]
[Site "Linares"]
[Date "2022.08.13"]
[Round "4.20"]
[White "Alshameary Puente, Ismael"]
[Black "Jimenez Bernal, Francisco"]
[Result "1/2-1/2"]
[ECO "D38"]
[WhiteElo "2352"]
[BlackElo "2149"]
[Annotator "TA"]
[PlyCount "61"]
[EventDate "2022.08.11"]
[EventType "swiss"]
[EventCountry "ESP"]
[SourceTitle "playchess.com"]
[Source "ChessBase"]
[SourceQuality "1"]
[TimeControl "5400+30"]

1. d4 Nf6 2. c4 e6 3. Nf3 d5 4. Nc3 Bb4 5. cxd5 exd5 6. Bg5 Nbd7 7. Qc2 c5 8. g3 {D38: Queen's Gambit Declined: Ragozin Defence (4 Nf3 Bb4).} Qa5 9. Bg2 O-O 10. O-O {[%cal Oc3d5] [#] White is slightly better.} c4 $146 ({Predecessor:} 10... cxd4 11. Nxd4 Bxc3 12. bxc3 h6 13. Bxf6 Nxf6 14. c4 Qc5 15. e3 Be6 16. Rab1 Rab8 {½-½ (52) Hernandez Carmenates,H (2569)-Laxman,R (2422) Barcelona 2012}) 11. Ne5 {And now Nxd7 would win. White is more active.} Bxc3 12. Nxd7 Bxd7 13. bxc3 Ne4 14. Be7 Rfe8 15. Bb4 Qa4 16. Qxa4 Bxa4 17. f3 a5 {[#] Strongly threatening ...Nxg3.} 18. fxe4 axb4 19. e5 Bc6 20. cxb4 {[%cal Ob4b5] Black must now prevent b5!} b5 21. g4 Ra3 22. Rf4 f6 23. Rf5 fxe5 24. dxe5 Re3 25. e6 Rxe2 (25... R3xe6 {is interesting.} 26. a4 bxa4 27. b5 Bb7) 26. Bxd5 Bxd5 27. Rxd5 R8xe6 {[#] Hoping for ...c3.} 28. Rxb5 $2 $15 {KRR-KRR} (28. Rf1 $15) 28... h6 $2 (28... c3 $19 29. Rc5 c2) 29. Rc5 $11 {The position is equal.} Rb2 30. Rxc4 Ree2 31. a4 {Weighted Error Value: White=0.29 (precise) /Black=0.20 (precise)} 1/2-1/2

[Event "87th Spanish Championship 2022"]
[Site "Linares"]
[Date "2022.08.13"]
[Round "4.21"]
[White "Ilinca Ilinca, Felix Antonio"]
[Black "Fernandez Lopez, Ruben"]
[Result "1/2-1/2"]
[ECO "A27"]
[WhiteElo "2162"]
[BlackElo "2324"]
[Annotator "TA"]
[PlyCount "61"]
[EventDate "2022.08.11"]
[EventType "swiss"]
[EventCountry "ESP"]
[SourceTitle "playchess.com"]
[Source "ChessBase"]
[SourceQuality "1"]
[TimeControl "5400+30"]

1. c4 e5 2. Nc3 Nc6 3. Nf3 Bc5 4. Nxe5 Nxe5 5. d4 Bd6 6. dxe5 {[%emt 0:03:33] A27: English Opening: Three Knights Variation.} (6. c5 $5 ) 6... Bxe5 7. Qd3 {[%emt 0:05:19] [#]} d6 $146 ({Predecessor:} 7... c6 8. g3 d6 9. Bg2 Nf6 10. O-O O-O 11. Bd2 Nd7 12. Rad1 Nc5 13. Qc2 a5 {0-1 (52) Valmana Canto,J (2429)-Carbonell Sancho,M (2159) Alfafar 2020}) 8. g3 Ne7 9. Bg2 Bf5 10. e4 Be6 11. f4 Bf6 12. O-O O-O 13. Be3 Bxc3 14. Qxc3 f5 ({Better is} 14... f6) 15. Bd4 $16 Rf7 16. Rae1 fxe4 17. Bxe4 c5 18. Bf2 {[%emt 0:03:08][%cal Oe4h7] And now Bxh7+! would win. This bishop pair is nice.} Bh3 19. Bxb7 Rb8 20. Bg2 Bxg2 21. Kxg2 Qd7 22. Re2 (22. b3 $18) 22... g5 {[%emt 0:00:45] [#]} 23. Be3 $1 {[%emt 0:11:21][%cal Bf2e3,Be3d2,Bd2c3][%mdl 32] Active counter play!} Qb7+ 24. Kg1 Re8 (24... Nf5 $16 25. Qd2 (25. fxg5 Nd4 $16) 25... Re8) 25. Bd2 $18 Ref8 26. Qf3 Qxb2 {[%emt 0:00:35] [#]} (26... Qd7 $16 {was worth a try.} 27. Bc3 Qf5) 27. Bc3 Qa3 28. Rxe7 Rxe7 $11 {[%emt 0:00:03] The position is equal.} 29. Qd5+ Rff7 30. Qa8+ Rf8 31. Qd5+ {[%emt 0:00:06] Weighted Error Value: White=0.20 (precise) /Black=0.16 (very precise)} 1/2-1/2

[Event "87th Spanish Championship 2022"]
[Site "Linares"]
[Date "2022.08.13"]
[Round "4.22"]
[White "Masague Artero, Guerau"]
[Black "Rodriguez Lopez, Rafael"]
[Result "1-0"]
[ECO "D93"]
[WhiteElo "2319"]
[BlackElo "2172"]
[Annotator "TA"]
[PlyCount "93"]
[EventDate "2022.08.11"]
[EventType "swiss"]
[EventCountry "ESP"]
[SourceTitle "playchess.com"]
[Source "ChessBase"]
[SourceQuality "1"]
[TimeControl "5400+30"]

1. d4 Nf6 2. c4 g6 3. Nc3 d5 4. Nf3 Bg7 5. Bf4 O-O 6. e3 c5 7. dxc5 Ne4 8. Be5 (8. Rc1 $5 ) 8... Bxe5 {[%emt 0:00:06] D93: Grünfeld: 4 Nf3 Bg7 5 Bf4 0-0 6 e3.} 9. Nxe5 Nxc3 $1 10. bxc3 Qc7 {[%emt 0:01:35] Black is slightly better.} 11. Qd4 f6 12. Nd3 {[%emt 0:07:03] [#]} ({Don't go for} 12. Qxd5+ $2 e6 13. Qd6 Qa5 $19) 12... dxc4 $146 (12... Nc6 $142 13. Qxd5+ e6) ({Predecessor:} 12... e5 13. Qxd5+ Kg7 14. Qd6 Qa5 15. Nb4 Nc6 16. Qd2 Rd8 17. Qb2 Bg4 18. h3 Bf5 {0-1 (34) Horcajada Reales,G (2208)-Montoya Pecurul,M (2123) Madrid 2015}) 13. Nb4 Be6 14. Bxc4 Bxc4 15. Qxc4+ Kg7 16. Nd5 {[%emt 0:01:28] White is more active.} Qc6 17. O-O Na6 18. Nxe7 (18. Rfd1 {keeps more tension.} Rfe8 19. Nf4 Kh8 20. Ne6) 18... Qxc5 19. Qxc5 Nxc5 20. Rfd1 Kf7 21. Nd5 Rac8 22. h4 Rfd8 23. f3 f5 24. Kf2 Rd6 25. Nb4 (25. Nf4 $14 Rcc6 26. Rd4) 25... Rxd1 $11 26. Rxd1 {[%emt 0:00:06][%mdl 4096] Endgame KRN-KRN} Ke6 27. Nd5 Na4 28. Rd3 Ke5 29. Nf4 {[%emt 0:08:36] Rd7 is the strong threat.} Rxc3 $2 {[%emt 0:10:55] [#] Black cannot hold the game after this.} ({Black should try} 29... Nb6 $14) 30. Rd7 $1 $18 Rc2+ 31. Kg3 Nc5 $2 (31... Kf6 32. Rxb7 Rxa2 33. Rxa7 Nc3 34. Rxh7 Ne2+ 35. Kh2 Nxf4 36. exf4 Ra4) 32. Rxh7 Rxa2 33. Nxg6+ Kf6 34. Nf4 a5 35. Rc7 Rc2 (35... Ne6 $142 36. Nxe6 Kxe6 37. Rxb7 Kf6 38. Rb6+ Kg7) 36. h5 {[%emt 0:00:48] Strongly threatening h6.} a4 37. Kh2 {[%emt 0:02:14] aiming for h6.} Kg5 {[%emt 0:11:46] [#]} 38. Rxc5 $1 Rxc5 (38... Ra2 39. Kh3) 39. Ne6+ {[%emt 0:00:05] White mates.} Kxh5 40. Nxc5 {[%emt 0:00:03] KN-K3P} a3 41. Nb3 a2 42. Kg3 Kg5 43. e4 fxe4 44. fxe4 b5 45. Kf3 b4 46. Ke3 Kg4 47. Kd4 {[%emt 0:00:17] Weighted Error Value: White=0.06 (flawless) /Black=0.42} 1-0

[Event "87th Spanish Championship 2022"]
[Site "Linares"]
[Date "2022.08.13"]
[Round "4.23"]
[White "Luque Saiz, Andres"]
[Black "Horcajuelo Rocamora, Martin"]
[Result "1/2-1/2"]
[ECO "B90"]
[WhiteElo "2289"]
[BlackElo "2107"]
[Annotator "TA"]
[PlyCount "78"]
[EventDate "2022.08.11"]
[EventType "swiss"]
[EventCountry "ESP"]
[SourceTitle "playchess.com"]
[Source "ChessBase"]
[SourceQuality "1"]
[TimeControl "5400+30"]

1. e4 c5 2. Nf3 d6 3. d4 cxd4 4. Nxd4 Nf6 5. Nc3 a6 6. h3 e5 7. Nde2 h5 {[%emt 0:00:07] B90: Sicilian Najdorf: Unusual White 6th moves, 6 Be3 Ng4 and 6 Be3 e5.} 8. Bg5 Be6 9. Bxf6 Qxf6 10. Nd5 Qd8 11. Nec3 g6 12. Bc4 Bh6 13. O-O O-O 14. Qd3 Nc6 (14... b5 $5 15. Bb3 Nd7 $11) 15. Bb3 Rc8 16. Rad1 Nd4 {[%emt 0:00:36] 16...Kg7 is not played anymore.} 17. f4 Nxb3 {[%emt 0:05:57] [#]} 18. cxb3 $146 ({Predecessor:} 18. axb3 Bxd5 19. Nxd5 Bxf4 20. g3 Qg5 21. Kf2 Bxg3+ 22. Qxg3 Rxc2+ 23. Kf3 Qxg3+ 24. Kxg3 Rxb2 {½-½ (30) Shpakovsky,A (2544)-Olofsson,D (2500) ICCF email 2020}) 18... Bxd5 19. Nxd5 exf4 20. Nxf4 Qg5 21. Nd5 ({Avoid the trap} 21. Qxd6 $2 Rfd8 22. Qb6 Rxd1 23. Rxd1 Qxf4 $19) 21... Bg7 22. Rf2 (22. Qd2 $11 {keeps the balance.} Qxd2 23. Rxd2) 22... Be5 (22... Rc1 $1 $17 23. Rxc1 Qxc1+ 24. Qf1 Qg5) 23. Nb6 {[%emt 0:09:27] [#]} (23. Qd2 $11 Qxd2 24. Rfxd2) 23... Rcd8 (23... Rc1 $1 $17 {[%cal Og5e3] ...Qe3! is the strong threat.} 24. Rff1 Rxd1 25. Rxd1 Bxb2) 24. Nc4 {[%emt 0:26:15] Inhibits Qe3.} (24. b4 $11) 24... Bg7 (24... b5 $15 {was preferrable.} 25. Nb6 Kg7) 25. Qf3 ({Don't blunder} 25. Nxd6 $2 Be5 26. Qf3 Rxd6 $19) 25... b5 26. Ne3 Be5 27. g4 Kg7 28. Kg2 (28. Kh1 $15) 28... Rc8 (28... hxg4 $17 29. hxg4 f6) 29. Kh1 {[%emt 0:06:36] [#]} h4 ({Black should try} 29... hxg4 $1 $17 30. Nxg4 Rc1) 30. Kg2 $15 Bg3 31. Re2 Rce8 32. Rd5 Qe7 33. Nc2 Rc8 34. Rd1 Rc5 35. Nb4 Qb7 (35... a5 $15 36. Nd5 Qg5) 36. Nd3 {[%emt 0:00:58] The position is equal.} Rc6 37. Nb4 Rc5 38. Nd3 Rc6 39. Nb4 Rc5 {[%emt 0:00:07] Weighted Error Value: White=0.16 (very precise) /Black=0.14 (very precise)} 1/2-1/2

[Event "87th Spanish Championship 2022"]
[Site "Linares"]
[Date "2022.08.13"]
[Round "4.24"]
[White "Jimenez Fernandez, Rebeca"]
[Black "Garrido Diaz, Jose Antonio"]
[Result "1/2-1/2"]
[ECO "B72"]
[WhiteElo "1908"]
[BlackElo "2306"]
[Annotator "TA"]
[PlyCount "62"]
[EventDate "2022.08.11"]
[EventType "swiss"]
[EventCountry "ESP"]
[SourceTitle "playchess.com"]
[Source "ChessBase"]
[SourceQuality "1"]
[TimeControl "5400+30"]

1. e4 c5 2. Nf3 d6 3. d4 cxd4 4. Nxd4 Nf6 5. Nc3 g6 6. Be3 Nc6 {[%emt 0:00:17] B72: Sicilian Dragon: 6 Be3, lines with h3+Bc4 and sidelines.} 7. f3 {[%emt 0:00:05] Against Ng4} h5 8. Qd2 Nxd4 {[%emt 0:00:12] White is slightly better.} 9. Bxd4 Bh6 10. Be3 Bxe3 11. Qxe3 Be6 $1 12. O-O-O $36 {[%emt 0:02:58][%mdl 2048] Black is under pressure.} Qa5 13. Kb1 {[%emt 0:06:04] [#]} O-O $146 ({Predecessor:} 13... Rc8 14. a3 O-O 15. Be2 Rc7 16. Bd3 Rxc3 17. bxc3 Qxa3 18. Qd4 Ba2+ 19. Ka1 Bc4+ 20. Kb1 b5 21. f4 Rb8 22. e5 b4 {0-1 (22) Martin Carmona,G (2285)-Matinian,N (2470) Chess.com INT 2021}) 14. f4 (14. Qe1 $11) 14... Rfc8 $1 $17 {[%emt 0:22:34][%cal Oc8c3] And now ...Rxc3! would win.} 15. f5 $2 {[%emt 0:05:04] [#]} (15. a4 $17 {was called for.}) 15... Rxc3 $1 $19 16. bxc3 Bxa2+ (16... Qxa2+ $19 17. Kc1 Nxe4 $1 18. Qxe4 Bxf5) 17. Kb2 $18 {[%emt 0:03:18] Ra1 is the strong threat.} e5 $2 (17... Ng4 {keeps fighting.} 18. Qd4 gxf5) 18. Ra1 Ng4 19. Qg3 (19. Qf3 $142) 19... Qb6+ 20. Kxa2 Rc8 21. Rb1 $1 Qa5+ 22. Kb2 h4 $2 (22... Rc6) 23. Qf3 {[%emt 0:04:23] aiming for fxg6.} (23. Qxg4 Qxc3+ 24. Ka2 Qa5+ 25. Kb2 Qc3+ 26. Ka2 Qa5+ 27. Kb2 Qc3+ $11) 23... Qc5 (23... gxf5 $142 24. exf5 Nf6) 24. Kc1 (24. Qxg4 Qxc3+ 25. Ka2 Qa5+ 26. Kb2 Qc3+ 27. Ka2 Qa5+ 28. Kb2 Qc3+ $11) 24... Nf2 {[%emt 0:01:19] [#]} 25. fxg6 Rc7 (25... fxg6 26. Bc4+) 26. Rg1 $2 (26. Rb5 Qa3+ 27. Kb1 Nxh1 28. Qh5 fxg6 29. Qxg6+ Kf8 30. Qf6+ Ke8 31. Qe6+ Kf8 32. Qf6+ Ke8 33. Be2) 26... d5 $2 (26... Nxe4 27. Qxe4 Qxg1) 27. Rb5 $2 (27. exd5 $18 Ne4 {[#]} 28. Qxe4 $1 Qxg1 29. gxf7+ Rxf7 30. Kd2 $1 Qf2+ 31. Be2) 27... Qa3+ $11 {[%emt 0:00:25] The position is equal.} 28. Rb2 $1 ({Not} 28. Kb1 $2 Nxe4 29. Qxe4 (29. gxf7+ $2 Kf8 $19) 29... dxe4 30. gxf7+ Kf8 $19) 28... Qa1+ 29. Rb1 Qa3+ 30. Rb2 Qa1+ 31. Rb1 Qa3+ {Weighted Error Value: White=0.61/Black=0.76} 1/2-1/2